NCAA
MISSISSIPPI REBELS @ MICHIGAN WOLVERINES
05/16/2023
 
TOP OF THE 1ST
Mississippi Rebels batting - Pitching for Michigan Wolverines : RHP Javier Rico
Pitching: RHP Javier Rico
Batting: LHB Walt Ward 0-0: Ball
1-0: Ball
2-0: Foul Ball, location: 2F
2-1: Foul Ball, location: 2F
2-2: Strikes out looking
Batting: RHB Anthony Stanley 0-0: Ball
1-0: Called Strike
1-1: Ball
2-1: Called Strike
2-2: Strikes out swinging
Batting: RHB Pedro Torez 0-0: Ball
1-0: Ball
2-0: Ball
3-0: Called Strike
3-1: Called Strike
3-2: Foul Ball, location: 2F
3-2: Base on Balls
Batting: LHB Gavin O'Keefe 0-0: Ball
1-0: Ball
2-0: Called Strike
2-1: Swinging Strike
2-2: Ball
Pedro Torez steals 2nd base
3-2: Strikes out looking
Top of the 1st over - 0 run(s), 0 hit(s), 0 error(s), 1 left on base; Mississippi 0 - Michigan 0
BOTTOM OF THE 1ST
Michigan Wolverines batting - Pitching for Mississippi Rebels : RHP Ron Brooks
Pitching: RHP Ron Brooks
Batting: RHB Paul Gordon 0-0: Ground out 6-3 (Groundball, 6M)
Batting: RHB Enrique Ferreira 0-0: SINGLE (Groundball, 25) (infield hit)
Batting: RHB Patrick Potts 0-0: Ball
1-0: Ball
Pickoff Throw to First - Out!
2-0: Ball
3-0: Called Strike
3-1: Called Strike
3-2: Base on Balls
Batting: LHB Sergio Luna 0-0: Ball
1-0: Fly out, F7 (Flyball, 7LM)
Bottom of the 1st over - 0 run(s), 1 hit(s), 0 error(s), 1 left on base; Mississippi 0 - Michigan 0
TOP OF THE 2ND
Mississippi Rebels batting - Pitching for Michigan Wolverines : RHP Javier Rico
Batting: RHB Norm Richardson 0-0: Ball
1-0: Called Strike
1-1: Foul Ball, location: 2F
1-2: Strikes out looking
Batting: RHB Justin Johnson 0-0: Fly out, F8 (Flyball, 8RM)
Batting: RHB Alejandro Ruíz 0-0: Fly out, F9 (Flyball, 89M)
Top of the 2nd over - 0 run(s), 0 hit(s), 0 error(s), 0 left on base; Mississippi 0 - Michigan 0
BOTTOM OF THE 2ND
Michigan Wolverines batting - Pitching for Mississippi Rebels : RHP Ron Brooks
Batting: SHB Denver Harmon 0-0: Called Strike
0-1: Foul Ball, location: 2F
0-2: Strikes out swinging
Batting: LHB Christian Peterson 0-0: Called Strike
0-1: Swinging Strike
0-2: Ball
1-2: Ball
2-2: Foul Ball, location: 2F
2-2: DOUBLE (Line Drive, 3) - OUT at third base trying to stretch hit.
Batting: RHB Mario Silva 0-0: Ball
1-0: Ball
2-0: Called Strike
2-1: Ball
3-1: Foul Ball, location: 2F
3-2: Foul Ball, location: 2F
3-2: Foul Ball, location: 2F
3-2: Base on Balls
Batting: RHB Scott Walker 0-0: Ball
1-0: Foul Ball, location: 2F
1-1: Swinging Strike
1-2: Fly out, F2 (Popup, 2RF)
Bottom of the 2nd over - 0 run(s), 1 hit(s), 0 error(s), 1 left on base; Mississippi 0 - Michigan 0
TOP OF THE 3RD
Mississippi Rebels batting - Pitching for Michigan Wolverines : RHP Javier Rico
Batting: LHB Todd Anderson 0-0: Ball
1-0: Ball
2-0: Bunt missed!
2-1: Swinging Strike
2-2: Fly out, F2 (Popup, 25F)
Batting: LHB Roger Warren 0-0: SOLO HOME RUN (Flyball, 9D), Distance : 363 ft
Batting: LHB Walt Ward 0-0: Foul Ball, location: 2F
0-1: Ball
1-1: Ground out 4-3 (Groundball, 4)
Batting: RHB Anthony Stanley 0-0: Called Strike
0-1: Called Strike
0-2: Ball
1-2: TRIPLE (Line Drive, 9LS)
Batting: RHB Pedro Torez 0-0: Ball
1-0: Foul Ball, location: 2F
1-1: Ball
2-1: Called Strike
2-2: Foul Ball, location: 2F
2-2: Ball
3-2: Base on Balls
Batting: LHB Gavin O'Keefe 0-0: Ball
1-0: Called Strike
1-1: Foul Ball, location: 2F
1-2: Foul Ball, location: 2F
1-2: Strikes out looking
Top of the 3rd over - 1 run(s), 2 hit(s), 0 error(s), 2 left on base; Mississippi 1 - Michigan 0
BOTTOM OF THE 3RD
Michigan Wolverines batting - Pitching for Mississippi Rebels : RHP Ron Brooks
Batting: SHB Juan Carlos Mesa 0-0: Fly out, F8 (Line Drive, 78M)
Batting: RHB Paul Gordon 0-0: Called Strike
0-1: Swinging Strike
0-2: Ball
1-2: DOUBLE (Groundball, 3L)
Batting: RHB Enrique Ferreira 0-0: Foul Ball, location: 2F
0-1: Ground out 5-3 (Groundball, 5S)
Paul Gordon to third
Batting: RHB Patrick Potts 0-0: Called Strike
0-1: Ball
1-1: Ball
2-1: Fly out, F8 (Flyball, 89M)
Bottom of the 3rd over - 0 run(s), 1 hit(s), 0 error(s), 1 left on base; Mississippi 1 - Michigan 0
TOP OF THE 4TH
Mississippi Rebels batting - Pitching for Michigan Wolverines : RHP Javier Rico
Batting: RHB Norm Richardson 0-0: Swinging Strike
0-1: Ball
1-1: Ball
2-1: Ball
3-1: Foul Ball, location: 2F
3-2: Foul Ball, location: 2F
3-2: Base on Balls
Batting: RHB Justin Johnson 0-0: Ball
1-0: Ball
2-0: Called Strike
2-1: Ball
3-1: Called Strike
3-2: Foul Ball, location: 2F
3-2: Foul Ball, location: 2F
3-2: Fly out, F7 (Flyball, 8LS)
Batting: RHB Alejandro Ruíz 0-0: Ball
1-0: Foul Ball, location: 2F
1-1: Foul Ball, location: 2F
1-2: Strikes out looking
Batting: LHB Todd Anderson 0-0: Ball
1-0: Ball
2-0: Ball
3-0: Base on Balls
Norm Richardson to second
Batting: LHB Roger Warren 0-0: Ball
1-0: Ground out 1-3 (Groundball, 15)
Top of the 4th over - 0 run(s), 0 hit(s), 0 error(s), 2 left on base; Mississippi 1 - Michigan 0
BOTTOM OF THE 4TH
Michigan Wolverines batting - Pitching for Mississippi Rebels : RHP Ron Brooks
Batting: LHB Sergio Luna 0-0: Ball
1-0: Ground out 4-3 (Groundball, 4)
Batting: SHB Denver Harmon 0-0: Foul Ball, location: 2F
0-1: SINGLE (Line Drive, 6MD)
Batting: LHB Christian Peterson 0-0: Called Strike
0-1: Ball
1-1: Ball
2-1: Ball
3-1: Grounds into double play, 4-6-3 (Groundball, 4)
Bottom of the 4th over - 0 run(s), 1 hit(s), 0 error(s), 0 left on base; Mississippi 1 - Michigan 0
TOP OF THE 5TH
Mississippi Rebels batting - Pitching for Michigan Wolverines : RHP Javier Rico
Batting: LHB Walt Ward 0-0: Ball
1-0: Ball
2-0: Ground out 1-3 (Groundball, 13S)
Pitching: RHP Ron Cuevas
Batting: RHB Anthony Stanley 0-0: Called Strike
0-1: Ball
1-1: Called Strike
1-2: Ball
2-2: Ground out 5-3 (Groundball, 5L)
Batting: RHB Pedro Torez 0-0: Called Strike
0-1: Ball
1-1: Foul Ball, location: 2F
1-2: Strikes out swinging
Top of the 5th over - 0 run(s), 0 hit(s), 0 error(s), 0 left on base; Mississippi 1 - Michigan 0
BOTTOM OF THE 5TH
Michigan Wolverines batting - Pitching for Mississippi Rebels : RHP Ron Brooks
Batting: RHB Mario Silva 0-0: Called Strike
0-1: Ball
1-1: Ball
2-1: Ball
3-1: Base on Balls
Batting: RHB Scott Walker 0-0: Ball
1-0: Ball
2-0: Ball
3-0: Called Strike
3-1: Base on Balls
Mario Silva to second
Batting: SHB Juan Carlos Mesa 0-0: Called Strike
0-1: Ball
1-1: Ball
2-1: Foul Ball, location: 2F
2-2: Foul Ball, location: 2F
2-2: SINGLE (Line Drive, 89M)
Mario Silva to third
Scott Walker to second
Batting: RHB Paul Gordon 0-0: Swinging Strike
0-1: Called Strike
0-2: DOUBLE (Groundball, 3D)
Mario Silva scores
Scott Walker scores
Juan Carlos Mesa to third
Batting: RHB Enrique Ferreira 0-0: Ball
1-0: 3-RUN HOME RUN (Flyball, 8RXD), Distance : 385 ft
Batting: RHB Patrick Potts 0-0: Called Strike
0-1: Fly out, F5 (Line Drive, 56)
Batting: LHB Sergio Luna 0-0: Ball
1-0: Foul Ball, location: 2F
1-1: SOLO HOME RUN (Flyball, 78XD), Distance : 385 ft
Batting: SHB Denver Harmon 0-0: Ball
1-0: Called Strike
1-1: Foul Ball, location: 2F
1-2: Ball
2-2: Ball
3-2: Base on Balls
Pitching: RHP Mauro Gómez
Batting: LHB Christian Peterson 0-0: Ball
1-0: Called Strike
1-1: Ball
2-1: Called Strike
2-2: Ball
3-2: Strikes out looking
Batting: RHB Mario Silva 0-0: Ball
Wild Pitch!
Denver Harmon to second
1-0: Called Strike
1-1: Foul Ball, location: 2F
1-2: Foul Ball, location: 2F
1-2: Hit by Pitch
Batting: RHB Scott Walker 0-0: Foul Ball, location: 2F
0-1: SINGLE (Flyball, 56D)
Denver Harmon to third
Mario Silva to second
Batting: SHB Juan Carlos Mesa 0-0: Ball
1-0: Swinging Strike
1-1: Ball
2-1: Called Strike
2-2: SINGLE (Line Drive, 4MD)
Denver Harmon scores
Mario Silva to third
Scott Walker to second
Runner from 3rd tries for Home, throw and OUT!
Bottom of the 5th over - 7 run(s), 6 hit(s), 0 error(s), 2 left on base; Mississippi 1 - Michigan 7
TOP OF THE 6TH
Mississippi Rebels batting - Pitching for Michigan Wolverines : RHP Ron Cuevas
Batting: LHB Gavin O'Keefe 0-0: Foul Ball, location: 2F
0-1: SINGLE (Line Drive, 6M)
Batting: RHB Norm Richardson 0-0: Ball
1-0: Ball
2-0: Called Strike
2-1: Foul Ball, location: 2F
2-2: Foul Ball, location: 2F
2-2: Ball
3-2: SINGLE (Line Drive, 56)
Gavin O'Keefe to second
Batting: RHB Justin Johnson 0-0: Grounds into double play, 5-4-3 (Groundball, 56)
Gavin O'Keefe to third
Batting: RHB Alejandro Ruíz 0-0: Ball
1-0: Called Strike
1-1: Ball
2-1: Ball
3-1: Foul Ball, location: 2F
3-2: Strikes out swinging
Top of the 6th over - 0 run(s), 2 hit(s), 0 error(s), 1 left on base; Mississippi 1 - Michigan 7
BOTTOM OF THE 6TH
Michigan Wolverines batting - Pitching for Mississippi Rebels : RHP Mauro Gómez
Batting: RHB Paul Gordon 0-0: Called Strike
0-1: Ball
1-1: Ball
2-1: Ball
3-1: Base on Balls
Batting: RHB Enrique Ferreira 0-0: Ball
1-0: Called Strike
1-1: Called Strike
1-2: Strikes out swinging
Batting: RHB Patrick Potts 0-0: Ball
1-0: Called Strike
1-1: Foul Ball, location: 2F
1-2: Ball
2-2: Ball
3-2: Fly out, F8 (Flyball, 8RM)
Batting: LHB Sergio Luna 0-0: Called Strike
0-1: Ground out 1-3 (Groundball, 13)
Bottom of the 6th over - 0 run(s), 0 hit(s), 0 error(s), 1 left on base; Mississippi 1 - Michigan 7
TOP OF THE 7TH
Mississippi Rebels batting - Pitching for Michigan Wolverines : RHP Ron Cuevas
Batting: LHB Todd Anderson 0-0: Bunt for hit - play at first, batter safe!
Batting: LHB Roger Warren 0-0: Ball
1-0: Ball
2-0: Called Strike
2-1: Swinging Strike
2-2: Strikes out looking
Pitching: LHP Hal Collins
Batting: LHB Walt Ward 0-0: Ball
1-0: Called Strike
1-1: Ball
2-1: Ball
3-1: Called Strike
3-2: Base on Balls
Todd Anderson to second
Batting: RHB Anthony Stanley 0-0: Ball
1-0: Ball
2-0: Called Strike
2-1: Ball
3-1: Base on Balls
Todd Anderson to third
Walt Ward to second
Batting: RHB Pedro Torez 0-0: Called Strike
0-1: Ball
1-1: Ball
2-1: Ball
3-1: Base on Balls
Todd Anderson scores
Walt Ward to third
Anthony Stanley to second
Batting: LHB Gavin O'Keefe 0-0: Ball
1-0: Foul Ball, location: 2F
1-1: Called Strike
1-2: Ball
2-2: Ball
3-2: Strikes out looking
Batting: RHB Norm Richardson 0-0: Called Strike
0-1: Foul Ball, location: 2F
0-2: Strikes out swinging
Top of the 7th over - 1 run(s), 1 hit(s), 0 error(s), 3 left on base; Mississippi 2 - Michigan 7
BOTTOM OF THE 7TH
Michigan Wolverines batting - Pitching for Mississippi Rebels : RHP Mauro Gómez
Batting: SHB Denver Harmon 0-0: Called Strike
0-1: Foul Ball, location: 2F
0-2: Ball
1-2: Ball
2-2: Ball
3-2: Strikes out looking
Pitching: RHP Willis Springer
Batting: LHB Christian Peterson 0-0: Ball
1-0: Called Strike
1-1: Ground out 4-3 (Groundball, 4M)
Batting: RHB Mario Silva 0-0: Ball
1-0: Ball
2-0: Swinging Strike
2-1: Foul Ball, location: 2F
2-2: Ball
3-2: Strikes out swinging
Bottom of the 7th over - 0 run(s), 0 hit(s), 0 error(s), 0 left on base; Mississippi 2 - Michigan 7
TOP OF THE 8TH
Mississippi Rebels batting - Pitching for Michigan Wolverines : LHP Hal Collins
Now at 1B: Vincente León
Batting: RHB Justin Johnson 0-0: Ball
1-0: SINGLE (Groundball, 56D)
Batting: RHB Alejandro Ruíz 0-0: SINGLE (Line Drive, 8LS)
Justin Johnson to second
Batting: LHB Todd Anderson 0-0: Fly out, F9 (Flyball, 89M)
Batting: LHB Roger Warren 0-0: Ball
1-0: Called Strike
1-1: Foul Ball, location: 2F
1-2: Ball
2-2: Ball
3-2: Foul Ball, location: 2F
3-2: Base on Balls
Justin Johnson to third
Alejandro Ruíz to second
Pitching: LHP Emery Hudson
Batting: LHB Walt Ward 0-0: SINGLE (Line Drive, 7S)
Justin Johnson scores
Alejandro Ruíz to third
Roger Warren to second
Runner from 3rd tries for Home, SAFE, no throw or cutoff
Pitching: RHP Lynn Hankins
Batting: RHB Anthony Stanley 0-0: Ground out 1-3 (Groundball, 2R)
Roger Warren to third
Walt Ward to second
Batting: RHB Pedro Torez 0-0: Ball
1-0: Ball
2-0: Called Strike
2-1: Foul Ball, location: 2F
2-2: Ball
3-2: Strikes out swinging
Top of the 8th over - 2 run(s), 3 hit(s), 0 error(s), 2 left on base; Mississippi 4 - Michigan 7
BOTTOM OF THE 8TH
Michigan Wolverines batting - Pitching for Mississippi Rebels : RHP Willis Springer
Batting: RHB Scott Walker 0-0: Ball
1-0: Ball
2-0: Called Strike
2-1: Ball
3-1: Base on Balls
Batting: SHB Juan Carlos Mesa 0-0: Ball
1-0: Called Strike
1-1: Fly out, F8 (Flyball, 8RS)
Batting: RHB Paul Gordon 0-0: Ball
1-0: Ball
2-0: Fly out, F7 (Flyball, 8LM)
Batting: RHB Enrique Ferreira 0-0: Ball
1-0: Called Strike
1-1: Ball
2-1: Foul Ball, location: 2F
2-2: Foul Ball, location: 2F
2-2: Ball
3-2: Foul Ball, location: 2F
3-2: Foul Ball, location: 2F
3-2: SINGLE (Line Drive, 3)
Scott Walker to second
Scott Walker to third
Batting: RHB Patrick Potts 0-0: Fly out, F4 (Popup, 34D)
Bottom of the 8th over - 0 run(s), 1 hit(s), 0 error(s), 2 left on base; Mississippi 4 - Michigan 7
TOP OF THE 9TH
Mississippi Rebels batting - Pitching for Michigan Wolverines : RHP Lynn Hankins
Pitching: LHP Geoff Corbett
Now at 2B: Ray Robertson
Now at SS: Norman Calver
Batting: LHB Gavin O'Keefe 0-0: SINGLE (Groundball, 15) (infield hit)
Batting: RHB Norm Richardson 0-0: Ball
1-0: Ball
2-0: Foul Ball, location: 2F
2-1: Swinging Strike
2-2: Foul Ball, location: 2F
2-2: Fly out, F8 (Flyball, 8LM)
Batting: RHB Justin Johnson 0-0: Called Strike
0-1: Ball
1-1: Fly out, F9 (Flyball, 89M)
Batting: RHB Alejandro Ruíz 0-0: Ball
1-0: Ball
2-0: Ball
3-0: Called Strike
3-1: Fly out, F7 (Flyball, 7LM)
Top of the 9th over - 0 run(s), 1 hit(s), 0 error(s), 1 left on base; Mississippi 4 - Michigan 7
This league is powered by Out of the Park Baseball, the baseball management simulation game for PC, Mac and Linux
Wednesday, December 2nd, 2015 - OOTP Baseball 16.8 Build 38